 Dungeon Crawl Stone Soup version 0.23-a0-143-g1adec7b (webtiles) character file.

889 Amnesiac the Caller (level 7, -1/46 HPs)
             Began as a Mummy Summoner on Sept 3, 2018.
             Shot with an arrow by a centaur (12 damage)
             ... on level 6 of the Dungeon.
             The game lasted 00:09:54 (4818 turns).

Amnesiac the Caller (Mummy Summoner)                Turns: 4818, Time: 00:09:55

Health: -1/46      AC:  3    Str: 14    XL:     7   Next: 77%
Magic:  17/17      EV: 12    Int: 16    God:
Gold:   69         SH:  0    Dex: 19    Spells: 5/19 levels left

rFire    x . .     SeeInvis .   m - +5 quarterstaff of Cegitt {speed, rN+ Str+2 Dex+3}
rCold    + . .     Gourm    .   (shield currently unavailable)
rNeg     + + +     Faith    .   a - +0 robe
rPois    ∞         Spirit   .   (no helmet)
rElec    .         Reflect  .   i - +0 cloak
rCorr    .         Harm     .   (no gloves)
MR       .....                  (no boots)
Stlth    ++........             (no amulet)
HPRegen  0.15/turn              h - +4 ring of dexterity
MPRegen  0.15/turn              l - +3 ring of slaying

@: no status effects
A: no food or potions, fire vulnerability, cold resistance 1, negative energy
resistance 3, torment resistance, unbreathing
a: no special abilities


You were on level 6 of the Dungeon.
You were not hungry.

You visited 1 branch of the dungeon, and saw 6 of its levels.

You collected 146 gold pieces.
You spent 77 gold pieces at shops.

Inventory:

Hand Weapons
 b - a +0 club
 m - the +5 quarterstaff of Cegitt (weapon) {speed, rN+ Str+2 Dex+3}
   (You found it on level 5 of the Dungeon)

   Attacks with this weapon are significantly faster.
   It affects your strength (+2).
   It affects your dexterity (+3).
   It protects you from negative energy.
Armour
 a - a +0 robe (worn)
 i - a +0 cloak (worn)
Jewellery
 h - a +4 ring of dexterity (left hand)
 l - a +3 ring of slaying (right hand)
Wands
 e - a wand of paralysis (11)
 j - a wand of random effects (18)
Scrolls
 c - a scroll of immolation {!r}
 d - a scroll of remove curse {!r}
 f - a scroll of identify {!r}
 k - a scroll of fog {!r}


   Skills:
 - Level 1.5 Dodging
 - Level 1.5 Stealth
 + Level 6.8 Spellcasting
 * Level 6.9 Summonings


You had 5 spell levels left.
You knew the following spells:

 Your Spells              Type           Power        Failure   Level  Hunger
a - Call Imp              Summ           ####....     1%          2    N/A
b - Call Canine Familiar  Summ           ####....     2%          3    N/A
c - Summon Lightning Spi  Summ/Air       ###.....     30%         4    N/A
d - Summon Small Mammal   Summ           ####         1%          1    N/A
e - Summon Ice Beast      Ice/Summ       ###.....     30%         4    N/A

Your spell library contained the following spells:

 Spells                   Type           Power        Failure   Level  Hunger
 Summon Guardian Golem    Hex/Summ       ###.....     10%         3    N/A

Dungeon Overview and Level Annotations

Branches:
Dungeon (6/15)
 Temple: D:4-7

Altars:
Ashenzari
Dithmenos
Zin

Shops:
D:4 ?


Innate Abilities, Weirdness & Mutations

You do not eat or drink.
Your flesh is vulnerable to fire.
You are immune to poison.
Your flesh is cold resistant. (rC+)
You are immune to negative energy. (rN+++)
You are immune to unholy pain and torment.
You can survive without breathing.


Message History

A bullfrog skeleton is nearby!
A bullfrog skeleton is nearby!
The bullfrog skeleton misses you.
The bullfrog skeleton hits you but does no damage.
You sock the bullfrog skeleton!
The bullfrog skeleton is moderately damaged.
The bullfrog skeleton closely misses you.
You thump the bullfrog skeleton!
The bullfrog skeleton is severely damaged.
The bullfrog skeleton barely misses you.
You hit the bullfrog skeleton.
The bullfrog skeleton is severely damaged.
The bullfrog skeleton hits you.
You thump the bullfrog skeleton!
You destroy the bullfrog skeleton!
You see here 13 gold pieces.
Key pressed, stopping explore.
You see here a whip.
Partly explored, can't reach some places.
Partly explored, can't reach some places.
Partly explored, can't reach some places.
Partly explored, can't reach some places.
There is a stone staircase leading down here.
You climb downwards.
Found a stone staircase leading up.
There is a stone staircase leading up here.
Found a quarterstaff and 11 arrows.
Found a shadowy altar of Dithmenos.
Found a ration.
Found a stone staircase leading down.
A bullfrog and a centaur come into view.
The bullfrog croaks.
The centaur moves out of view.
A bullfrog is nearby!
A bullfrog is nearby!
The centaur wields a shortbow.
The centaur shoots an arrow.
The arrow hits you!!
Found a scroll of immolation.
You see here an arrow.
The centaur shoots an arrow.
The arrow hits you!
* * * LOW HITPOINT WARNING * * *
The bullfrog hits you!
* * * LOW HITPOINT WARNING * * *
You see here an arrow.
You thump the bullfrog!
The bullfrog is moderately wounded.
The bullfrog closely misses you.
The centaur shoots an arrow.
The arrow barely misses you.
The arrow hits the bullfrog.
You closely miss the bullfrog.
The bullfrog is heavily wounded.
A bullfrog comes into view.
The bullfrog swells and bulges.
The bullfrog hits you.
* * * LOW HITPOINT WARNING * * *
Really read
g - a scroll of fear {!r}?
As you read the scroll of fear {!r}, it crumbles to dust.
You assume a fearsome visage.
The bullfrog looks frightened!
The bullfrog croaks.
The centaur looks frightened!
The bullfrog looks frightened!
Cornered, the bullfrog turns to fight!
The centaur shoots an arrow.
The arrow hits you.
* * * LOW HITPOINT WARNING * * *
You see here an arrow.
The centaur shoots an arrow.
The arrow hits you!
You die...

#.# ##+#.### #+##
#.# #.##F....F
...F.. #.#
#.##...... ......
#.# #(# F.%..
...... #.# #)#
#.#.# ..... #.#
#.# #.#.####....
#.# #.# #.(.....#
#.# #.# #.(...(.#
#.####.# #.(....@#
.......###.......#
...............§§#
#.########...§§§§#
#.# .....§§§§# #.#
#.c......... #.#
#....####### #.#
#....# #.# ######


You could see a centaur.

Vanquished Creatures
  An ogre (D:5)
  A centaur (D:5)
  A gnoll sergeant (D:5)
  A centaur zombie (D:5)
  A bullfrog skeleton (D:5)
  A worker ant zombie (D:5)
  A howler monkey skeleton (D:5)
  An adder (D:4)
  A gnoll (D:5)
  A shadow imp (D:5)
  A dart slug (D:1)
  A leopard gecko (D:5)
  2 bats (D:1)
  A hobgoblin (D:1)
  2 jackals
  4 ball pythons (D:5)
  A goblin (D:1)
  3 rats (D:1)
25 creatures vanquished.

Vanquished Creatures (collateral kills)
  An ice beast (D:5)
  A phantom (D:4)
  2 ogres
  A big kobold (D:5)
  A scorpion (D:5)
  2 orc priests (D:4)
  2 hounds
  An orc wizard (D:4)
  Ijyb (D:4)
  3 iguanas
  6 worker ants
  2 gnolls (D:5)
  3 adders
  An ooze (D:2)
  A worm (D:4)
  A leopard gecko (D:3)
  7 orcs
  2 bats (D:1)
  2 giant cockroaches
  A goblin (D:1)
  6 jackals
  6 kobolds
  2 quokkas (D:4)
  3 frilled lizards
  A rat (D:3)
59 creatures vanquished.

Vanquished Creatures (others)
  A plant (D:5)
1 creature vanquished.

Grand Total: 85 creatures vanquished

Notes
Turn   | Place    | Note
-------+----------+-------------------------------------------
     0 | D:1      | Amnesiac the Mummy Summoner began the quest for the Orb.
     0 | D:1      | Reached XP level 1. HP: 13/13 MP: 4/4
   379 | D:1      | Reached XP level 2. HP: 13/19 MP: 6/6
   383 | D:1      | Learned a level 2 spell: Call Imp
   957 | D:3      | Found a shattered altar of Ashenzari.
  1055 | D:3      | Reached XP level 3. HP: 17/24 MP: 4/8
  1060 | D:3      | Learned a level 3 spell: Call Canine Familiar
  1325 | D:4      | Noticed Ijyb
  1340 | D:4      | Paralysed by Ijyb for 3 turns
  1343 | D:4      | Killed Ijyb
  1548 | D:4      | Reached XP level 4. HP: 30/30 MP: 1/10
  1919 | D:4      | Learned a level 4 spell: Summon Lightning Spire
  2201 | D:4      | Reached XP level 5. HP: 25/35 MP: 2/11
  2344 | D:4      | Noticed an ogre
  2358 | D:4      | Killed an ogre
  2373 | D:4      | Reached skill level 5 in Summonings
  2775 | D:4      | Found Bepicrum's Magic Scroll Emporium.
  2781 | D:4      | Reached skill level 5 in Spellcasting
  2789 | D:4      | Bought a scroll of identify for 22 gold pieces
  2789 | D:4      | Bought a scroll of teleportation for 33 gold pieces
  2789 | D:4      | Bought a scroll of fog for 22 gold pieces
  2837 | D:4      | Noticed a phantom
  2858 | D:4      | Killed a phantom
  2858 | D:4      | Reached XP level 6. HP: 24/41 MP: 11/13
  3060 | D:5      | Entered Level 5 of the Dungeon
  3215 | D:5      | Noticed an ice beast
  3237 | D:5      | Killed an ice beast
  3531 | D:5      | Learned a level 4 spell: Summon Ice Beast
  3823 | D:5      | Reached XP level 7. HP: 17/46 MP: 8/15
  4178 | D:5      | Got a steaming quarterstaff
  4179 | D:5      | Identified the +5 quarterstaff of Cegitt {speed, rN+ Str+2
                  | Dex+3} (You found it on level 5 of the Dungeon)
  4589 | D:5      | Found a glowing silver altar of Zin.
  4805 | D:6      | Found a shadowy altar of Dithmenos.
  4818 | D:6      | Shot with an arrow by a centaur

Vault maps used:
D:1:      sevenhm_arrival_forest_fort_small_5, serial_glass, glass_columns_a,
          glass_columns_a
D:2:      nicolae_overflow_crystal_walls, minmay_pentomino_x4
D:3:      ashenzari_altar_1, first_ration, minmay_misc_feat_columns
D:4:      serial_shops, shop, uniq_ijyb
D:5:      lemuel_round_altar, saegor_snake_ambush
D:6:      temple_green, grunt_dithmenos_smoke

Skill      XL: |  1  2  3  4  5  6  7 |
---------------+----------------------+-----
Spellcasting   | 3 4 5 6 |  6.8
Summonings     | 4 5 6 |  6.9
Dodging        | |  1.5
Stealth        | |  1.5

Action                   |  1- 3 |  4- 6 |  7- 9 || total
-------------------------+-------+-------+-------++-------
Melee: Unarmed           |    36 |       |       ||    36
       Club              |    60 |    59 |    17 ||   136
       Quarterstaff      |       |       |    37 ||    37
 Cast: Summon Small Mamm |    13 |       |       ||    13
       Call Imp          |    13 |    23 |     2 ||    38
       Call Canine Famil |     3 |    20 |     2 ||    25
       Summon Lightning  |       |     1 |       ||     1
Evoke: Wand              |       |     5 |       ||     5
  Use: Scroll            |       |     4 |     1 ||     5
 Stab: Sleeping          |     3 |       |     1 ||     4
       Distracted        |     1 |     1 |       ||     2
Armor: Robe              |    32 |    17 |     8 ||    57
Dodge: Dodged            |    83 |    52 |    36 ||   171

Table legend:
 A = Non-vault XP
 B = Vault XP
 C = Vault XP percentage of total XP
 D = Non-vault monster count
 E = Vault monster count
 F = Vault count percentage of total count
                 A         B        C        D         E       F
            +---------+---------+-------+---------+---------+-------
      Total |    1243 |      28 |   2.2 |      79 |       5 |   6.0
            +---------+---------+-------+---------+---------+-------
        D:1 |      25 |       0 |   0.0 |      19 |       0 |   0.0
        D:2 |       5 |       0 |   0.0 |       1 |       0 |   0.0
        D:3 |      21 |       0 |   0.0 |       6 |       0 |   0.0
        D:4 |     378 |      22 |   5.5 |      28 |       1 |   3.4
        D:5 |     814 |       6 |   0.7 |      25 |       4 |  13.8
            +---------+---------+-------+---------+---------+-------
